 Dungeon Crawl Stone Soup version 0.31-a0-675-g238779eb0a (webtiles) character file.

Game seed: 5948540745102180649

174 randomguy2701 the Trooper (level 5, -1/48 HPs)
             Began as a Hill Orc Fighter on Sept 6, 2023.
             Was an Initiate of Beogh.
             Slain by a gnoll
             ... wielding a +0 spear
              (7 damage)
             ... on level 3 of the Dungeon.
             The game lasted 00:02:34 (1767 turns).

randomguy2701 the Trooper (Hill Orc Fighter)        Turns: 1767, Time: 00:02:34

Health: -1/48      AC:  7    Str: 19    XL:     5   Next: 54%
Magic:  5/5        EV:  9    Int: 14    God:    Beogh [......]
Gold:   123        SH:  9    Dex: 12    Spells: 4/4 levels left

rFire   . . .        a - +0 war axe
rCold   . . .        c - +0 buckler
rNeg    . . .        b - +0 scale mail
rPois   .            (no helmet)
rElec   .            (no cloak)
rCorr   .            (no gloves)
SInv    .            (no boots)
Will    .....        q - amulet of reflection Stlth
                     h - +6 ring of intelligence
HPRegen 0.28/turn    (no ring)
MPRegen 0.09/turn

%: reflection
@: no status effects
A: no striking features
a: Renounce Religion


You were on level 3 of the Dungeon.
You worshipped Beogh.
Beogh was noncommittal.
You visited 1 branch of the dungeon, and saw 3 of its levels.

You collected 123 gold pieces.

Inventory:

Hand Weapons
 a - a +0 war axe (weapon)
Armour
 b - a +0 scale mail (worn)
 c - a +0 buckler (worn)
Jewellery
 h - a +6 ring of intelligence (left hand)
 q - an amulet of reflection (around neck)
Scrolls
 f - 2 scrolls of blinking {unknown}
 i - a scroll of enchant armour {unknown}
 k - a scroll of vulnerability {unknown}
 n - a scroll of poison {unknown}
 o - 2 scrolls of identify {unknown}
 p - a scroll of brand weapon {unknown}
 r - a scroll of teleportation {unknown}
 s - a scroll of amnesia {unknown}
Potions
 d - a potion of might
 e - a potion of lignification {unknown}
 g - a potion of enlightenment {unknown}
 j - 2 potions of resistance {unknown}
 l - a potion of curing
 m - a potion of degeneration {unknown}


   Skills:
 + Level 5.2 Fighting
 + Level 4.7 Axes
 + Level 3.8 Armour
 + Level 0.8 Dodging
 + Level 0.3 Stealth
 + Level 3.7 Shields


You had 4 spell levels left.
You didn't know any spells.
Your spell library was empty.

Dungeon Overview and Level Annotations

Branches:
Dungeon (3/15)

Altars:
Zin

Shops:
D:1 [   D:3 !


Message History

The gnoll is heavily wounded.
The gnoll hits you but does no damage. You block the gnoll's attack.
You hit the gnoll.
The gnoll is heavily wounded.
The gnoll hits you from afar with a +0 spear.
* * * LOW HITPOINT WARNING * * *
The gnoll hits you with a +0 spear.
* * * LOW HITPOINT WARNING * * *
The gnoll closely misses you. The gnoll hits you but does no damage.
You closely miss the gnoll.
The gnoll is heavily wounded.
The gnoll hits you but does no damage. You block the gnoll's attack.
You hit the gnoll.
The gnoll is severely wounded.
The gnoll hits you from afar with a +0 spear.
* * * LOW HITPOINT WARNING * * *
The gnoll hits you but does no damage.
You slash the gnoll!
You kill the gnoll!
Beogh accepts your kill. You block the gnoll's attack.
The gnoll hits you from afar with a +0 spear.
* * * LOW HITPOINT WARNING * * *
The gnoll hits you but does no damage.
Items here: ))) ††.
You hit the gnoll but do no damage. You block the gnoll's attack.
You slash the gnoll!
The gnoll is almost dead.
The gnoll misses you.
You closely miss the gnoll.
The gnoll is almost dead.
You block the gnoll's attack. The gnoll hits you with a +0 spear.
* * * LOW HITPOINT WARNING * * *
You barely miss the gnoll.
The gnoll is almost dead.
The gnoll hits you but does no damage.
You barely miss the gnoll.
The gnoll is almost dead.
The gnoll hits you with a +0 spear!
You die...

~~..~~)~~~~~#.................#
~#..#~~~~~~~##..........<.....#
..##........'................##
..##..o.....'.##....>.#.....##
~#..#~~~~~~~#######.#.#######
~~..~~~~~~~~######..#.#
~~..~~~~~~~~#....#.##)#######
~~..~~~~~~~#####.#.##.#......
~~..~~~~~~## #@#.##...#
~~..~~~~~## #g#.##.###
~~..~~~~## #......# . ~~..~~~##
#...##.####...
#########.............
....$.g†...##...####..
##.....#.#.###### #.#####$..#
...##


You could see a gnoll.

Vanquished Creatures
  2 orc wizards (D:3)
  3 gnolls (D:3)
  2 adders (D:2)
  3 worms (D:2)
  2 dart slugs
  3 orcs (D:3)
  4 endoplasms
  2 giant cockroaches
  7 goblins
  4 hobgoblins
  8 jackals
  4 quokkas
  4 ball pythons
  A bat (D:1)
  5 frilled lizards
  A kobold (D:1)
  8 rats
63 creatures vanquished.

Vanquished Creatures (others)
  An orc (D:3)
1 creature vanquished.

Grand Total: 64 creatures vanquished

Notes
Turn   | Place    | Note
-------+----------+-------------------------------------------
     0 | D:1      | randomguy2701 the Hill Orc Fighter began the quest for the
                  | Orb.
     0 | D:1      | Reached XP level 1. HP: 19/19 MP: 1/1
    84 | D:1      | Found Taebawam's Armour Shoppe.
   116 | D:1      | Reached XP level 2. HP: 27/27 MP: 2/2
   395 | D:1      | Reached skill level 4 in Fighting
   569 | D:1      | Reached XP level 3. HP: 26/33 MP: 3/3
  1078 | D:2      | Reached XP level 4. HP: 39/41 MP: 4/4
  1127 | D:2      | Found a glowing silver altar of Zin.
  1477 | D:3      | Found Huahywot's Distillery.
  1508 | D:3      | Reached skill level 5 in Fighting
  1613 | D:3      | Became a worshipper of Beogh the Brigand
  1627 | D:3      | Reached XP level 5. HP: 36/48 MP: 5/5
  1767 | D:3      | Slain by a gnoll

Illustrated notes

Levels and vault maps discovered:
D:1:      erik_arrival_cave_to_civilisation [erik_arrival_cave_to_hall],
          layout_basic, serial_shops, shop
D:2:      layout_basic, basic_altar
D:3:      kennysheep_big_flooded_room, layout_rooms,
          nicolae_overflow_hidden_temple, serial_shops, nicolae_shop_stone,
          nicolae_wormholes

Skill      XL: |  1  2  3  4 |
---------------+-------------+-----
Fighting       | 4 5 |  5.2
Axes           | 3 4 |  4.7
Armour         | |  3.8
Dodging        | |  0.8
Stealth        | |  0.3
Shields        | |  3.7

Action                     |  1- 3 |  4- 6 || total
---------------------------+-------+-------++-------
  Melee: War axe           |    92 |    98 ||   190
 Invoke: Convert to Beogh  |       |     1 ||     1
    Use: Potion            |       |     2 ||     2
 Armour: Scale mail        |    55 |    76 ||   131
  Dodge: Dodged            |    34 |    29 ||    63
  Block: Buckler           |    20 |    56 ||    76

Table legend: (Time is in decaauts)
 A = Elapsed time spent in this place.
 B = Non-inter-level travel time spent in this place.
 C = Inter-level travel time spent in this place.
 D = Time resting spent in this place.
 E = Time spent auto-exploring this place.
 F = Levels seen in this place.
 G = Mean time per level.
                   A        B        C        D        E       F      G
               +--------+--------+--------+--------+--------+-----+--------+
         Total |   1833 |   1785 |     48 |      0 |   1335 |   3 |  611.0 |
       Dungeon |   1833 |   1785 |     48 |      0 |   1335 |   3 |  611.0 |
               +--------+--------+--------+--------+--------+-----+--------+

Top non-repeatable levels by time:
     D:1: 760 daAuts
     D:2: 748 daAuts
     D:3: 324 daAuts
